 Dungeon Crawl Stone Soup version 0.21.1-1-g345015f (webtiles) character file.

220 Kairos the Shield-Bearer (level 5, -2/47 HPs)
             Began as a Gnoll Fighter on Apr 24, 2018.
             Slain by Pikel
             ... wielding a +2 whip of electrocution
              (14 damage)
             ... on level 4 of the Dungeon.
             The game lasted 00:03:21 (2934 turns).

Kairos the Shield-Bearer (Gnoll Fighter)            Turns: 2934, Time: 00:03:23

Health: -2/47      AC:  7    Str: 19    XL:     5   Next: 97%
Magic:  7/7        EV:  9    Int: 11    God:
Gold:   169        SH: 10    Dex: 14    Spells: 7/7 levels left

rFire    . . .     SeeInvis .   a - +0 war axe
rCold    . . .     Gourm    .   c - +0 shield
rNeg     . . .     Faith    .   b - +0 scale mail
rPois    .         Spirit   .   (no helmet)
rElec    .         Reflect  .   (no cloak)
rCorr    .         Harm     .   (no gloves)
MR       .....                  (no boots)
Stlth    +.........             (no amulet)
HPRegen  0.15/turn              (no ring)
MPRegen  0.10/turn              (no ring)

@: no status effects
A: distributed training, fangs 1, strong nose
a: no special abilities


You were on level 4 of the Dungeon.
You were not hungry.

You visited 1 branch of the dungeon, and saw 4 of its levels.

You collected 169 gold pieces.

Inventory:

Hand Weapons
 a - a +0 war axe (weapon)
 q - a +0 hunting sling
 r - a +1 falchion of holy wrath
Armour
 b - a +0 scale mail (worn)
 c - a +0 shield (worn)
Scrolls
 h - 2 scrolls of teleportation
 i - 2 scrolls of amnesia {unknown}
 l - 2 scrolls of fear {unknown}
 n - a scroll of fog {unknown}
 p - 3 scrolls of identify {unknown}
Potions
 d - a potion of might
 e - 2 potions of curing
 g - 2 potions of mutation {unknown}
 j - 5 potions of invisibility {unknown}
 k - 3 potions of berserk rage {unknown}
 m - a potion of resistance {unknown}
 o - 2 potions of brilliance {unknown}
Comestibles
 f - a ration


   Skills:
 + Level 6.7 Fighting
 + Level 1.6 Short Blades
 + Level 1.6 Long Blades
 + Level 4.8 Axes
 + Level 1.6 Maces & Flails
 + Level 1.6 Polearms
 + Level 1.6 Staves
 + Level 1.6 Slings
 + Level 1.6 Bows
 + Level 1.6 Crossbows
 + Level 1.6 Throwing
 + Level 6.7 Armour
 + Level 1.6 Dodging
 + Level 1.6 Stealth
 + Level 6.7 Shields
 + Level 1.6 Unarmed Combat
 + Level 1.6 Spellcasting
 + Level 1.3 Conjurations
 + Level 1.3 Hexes
 + Level 1.3 Charms
 + Level 1.3 Summonings
 + Level 1.3 Necromancy
 + Level 1.3 Translocations
 + Level 1.3 Transmutations
 + Level 1.3 Fire Magic
 + Level 1.3 Ice Magic
 + Level 1.3 Air Magic
 + Level 1.3 Earth Magic
 + Level 1.3 Poison Magic
 + Level 1.9 Invocations
 + Level 1.6 Evocations


You had 7 spell levels left.
You didn't know any spells.

Dungeon Overview and Level Annotations

Branches:
Dungeon (4/15)
 Temple: D:4-7

Altars:
Makhleb

Annotations:
D:4 Eustachio, Pikel


Innate Abilities, Weirdness & Mutations

Your experience applies equally to all skills.
You have very sharp teeth.
Your uncanny sense of smell can sniff out nearby items.


Message History

Wield which item (- for none, * to show all)? (? for menu, Esc to quit)
Your +1 falchion of holy wrath stops glowing.
a - a +0 war axe (weapon)
You closely miss Pikel. You bite Pikel, but do no damage.
Pikel is moderately wounded.
You block Pikel's attack. Pikel hits you but does no damage.
You slash Pikel! Your bite misses Pikel.
Pikel is heavily wounded.
Pikel barely misses you.
Your shield and scale mail prevent you from hitting Pikel.
Your bite misses Pikel.
Pikel is heavily wounded.
You block Pikel's attack.
You barely miss Pikel.
Pikel is heavily wounded.
You block Pikel's attack.
Pikel hits you with a whip of electrocution.
* * * LOW HITPOINT WARNING * * *
You are electrocuted!
You die...

∆
###
∆
.p#
#p#
#p#
#K#
∆#@#
###


You could see Pikel and 3 slaves.

Vanquished Creatures
  An orc priest (D:4)
  A worker ant (D:4)
  Natasha (D:4)
  2 orc wizards (D:4)
  3 adders
  An ooze (D:1)
  A worm (D:3)
  A dart slug (D:4)
  2 leopard geckos
  2 orcs (D:4)
  2 ball pythons
  6 bats
  3 goblins
  8 hobgoblins
  4 jackals (D:4)
  5 kobolds
  A quokka (D:2)
  7 frilled lizards
  6 rats
57 creatures vanquished.

Vanquished Creatures (others)
  A plant (D:4)
1 creature vanquished.

Grand Total: 58 creatures vanquished

Notes
Turn   | Place    | Note
-------+----------+-------------------------------------------
     0 | D:1      | Kairos the Gnoll Fighter began the quest for the Orb.
     0 | D:1      | Reached XP level 1. HP: 23/23 MP: 1/1
    65 | D:1      | Reached XP level 2. HP: 28/29 MP: 2/2
   540 | D:1      | Reached XP level 3. HP: 34/35 MP: 3/3
  1001 | D:2      | Reached skill level 1 in Invocations
  1435 | D:2      | Reached skill level 1 in Short Blades
  1435 | D:2      | Reached skill level 1 in Long Blades
  1435 | D:2      | Reached skill level 1 in Maces & Flails
  1435 | D:2      | Reached skill level 1 in Polearms
  1435 | D:2      | Reached skill level 1 in Staves
  1435 | D:2      | Reached skill level 1 in Slings
  1435 | D:2      | Reached skill level 1 in Bows
  1435 | D:2      | Reached skill level 1 in Crossbows
  1435 | D:2      | Reached skill level 1 in Throwing
  1435 | D:2      | Reached skill level 1 in Dodging
  1435 | D:2      | Reached skill level 1 in Stealth
  1435 | D:2      | Reached skill level 1 in Unarmed Combat
  1435 | D:2      | Reached skill level 1 in Spellcasting
  1435 | D:2      | Reached skill level 1 in Evocations
  1729 | D:3      | Reached XP level 4. HP: 36/41 MP: 5/5
  1877 | D:3      | Found a burning altar of Makhleb.
  2356 | D:4      | Reached skill level 1 in Conjurations
  2356 | D:4      | Reached skill level 1 in Hexes
  2356 | D:4      | Reached skill level 1 in Charms
  2356 | D:4      | Reached skill level 1 in Summonings
  2356 | D:4      | Reached skill level 1 in Necromancy
  2356 | D:4      | Reached skill level 1 in Translocations
  2356 | D:4      | Reached skill level 1 in Transmutations
  2356 | D:4      | Reached skill level 1 in Fire Magic
  2356 | D:4      | Reached skill level 1 in Ice Magic
  2356 | D:4      | Reached skill level 1 in Air Magic
  2356 | D:4      | Reached skill level 1 in Earth Magic
  2356 | D:4      | Reached skill level 1 in Poison Magic
  2357 | D:4      | Reached XP level 5. HP: 47/47 MP: 5/7
  2398 | D:4      | Noticed Natasha
  2399 | D:4      | Noticed Eustachio
  2420 | D:4      | Killed Natasha
  2923 | D:4      | Noticed Pikel
  2923 | D:4      | Noticed a slave
  2923 | D:4      | Noticed a slave
  2923 | D:4      | Noticed a slave
  2923 | D:4      | Noticed a slave
  2934 | D:4      | Slain by Pikel

Skill      XL: |  1  2  3  4 |
---------------+-------------+-----
Invocations    | 1 |  1.9
Short Blades   | 1 |  1.6
Long Blades    | 1 |  1.6
Maces & Flails | 1 |  1.6
Polearms       | 1 |  1.6
Staves         | 1 |  1.6
Slings         | 1 |  1.6
Bows           | 1 |  1.6
Crossbows      | 1 |  1.6
Throwing       | 1 |  1.6
Dodging        | 1 |  1.6
Stealth        | 1 |  1.6
Unarmed Combat | 1 |  1.6
Spellcasting   | 1 |  1.6
Evocations     | 1 |  1.6
Conjurations   | 1 |  1.3
Hexes          | 1 |  1.3
Charms         | 1 |  1.3
Summonings     | 1 |  1.3
Necromancy     | 1 |  1.3
Translocations | 1 |  1.3
Transmutations | 1 |  1.3
Fire Magic     | 1 |  1.3
Ice Magic      | 1 |  1.3
Air Magic      | 1 |  1.3
Earth Magic    | 1 |  1.3
Poison Magic   | 1 |  1.3
Fighting       | |  6.7
Axes           | |  4.8
Armour         | |  6.7
Shields        | |  6.7

Action                   |  1- 3 |  4- 6 || total
-------------------------+-------+-------++-------
Melee: War axe           |    84 |    50 ||   134
       Bite              |     6 |    14 ||    20
       Falchion          |       |    50 ||    50
  Use: Scroll            |     1 |       ||     1
       Potion            |       |     3 ||     3
  Eat: Chunk             |     1 |       ||     1
       Ration            |       |     2 ||     2
Armor: Scale mail        |    45 |    37 ||    82
Dodge: Dodged            |    28 |    28 ||    56
Block: Shield            |    60 |    68 ||   128
       Rpst.: Falchion   |       |     6 ||     6
